 Dungeon Crawl Stone Soup version 0.21-a0-538-gd16b88a (webtiles) character file.

9 theanonym the Skirmisher (level 2, 17/24 HPs)
             Began as a Demonspawn Fighter on Dec 16, 2017.
             Quit the game on level 2 of the Dungeon.
             The game lasted 00:00:39 (497 turns).

theanonym the Skirmisher (Demonspawn Fighter)        Turns: 497, Time: 00:00:39

Health: 17/24      AC:  6    Str: 16    XL:     2   Next: 3%
Magic:  2/2        EV:  6    Int:  9    God:
Gold:   56         SH:  8    Dex: 12    Spells: 1/1 levels left

rFire    + . .     SeeInvis .     - Unarmed
rCold    . . .     Gourm    .   b - +0 shield
rNeg     . . .     Faith    .   a - +0 scale mail {10}
rPois    .         Spirit   .   (no helmet)
rElec    .         Reflect  .   (no cloak)
rCorr    .         Harm     .   (no gloves)
MR       .....                  (no boots)
Stlth    ..........             (no amulet)
HPRegen  0.08/turn              (no ring)
MPRegen  0.08/turn              (no ring)

@: no status effects
A: fire resistance 1
a: no special abilities


Innate Abilities, Weirdness & Mutations

Your flesh is heat resistant. (rF+)


   Skills:
 + Level 3.1 Fighting
 + Level 2.8 Armour
 + Level 2.8 Shields
 * Level 2.1 Unarmed Combat


You had one spell level left.
You didn't know any spells.

Skill      XL: |  1 |
---------------+----+-----
Unarmed Combat | 2 |  2.1
Fighting       | |  3.1
Armour         | |  2.8
Shields        | |  2.8

Action                   || total
-------------------------++-------
Melee: Unarmed           ||    30
Armor: Scale mail        ||     6
Dodge: Dodged            ||     3
Block: Shield            ||    11

Inventory:

Armour
 a - a +0 scale mail (worn) {10}
 b - a +0 shield (worn)
Potions
 c - a potion of might
 d - a potion of degeneration {unknown}
 g - a potion of agility {unknown}
 h - a potion of ambrosia {unknown}
 i - 2 potions of haste {unknown}
Comestibles
 e - 2 bread rations
 f - 5 chunks of flesh


You were on level 2 of the Dungeon.
You were not hungry.

You visited 1 branch of the dungeon, and saw 2 of its levels.

You collected 56 gold pieces.

Dungeon Overview and Level Annotations

Branches:
Dungeon (2/15)

Altars:


Message History

The hobgoblin hits you but does no damage.
You barely miss the hobgoblin. The hobgoblin hits you with a club.
You take 2 damage, and have 14/18 hp.
You closely miss the hobgoblin.
The hobgoblin hits you but does no damage.
You hit the hobgoblin but do no damage. You block the hobgoblin's attack.
Your shield and scale mail prevent you from hitting the hobgoblin.
The hobgoblin hits you but does no damage.
You hit the hobgoblin. You block the hobgoblin's attack.
You hit the hobgoblin.
You kill the hobgoblin!
Your Unarmed Combat skill increases to level 2!
No target in view!
No target in view!
You start resting.
Health restored: 18 You butcher the bat corpse.
f - 2 chunks of flesh (gained 1)
You see here a bat skeleton. x2
You now have 22 gold pieces (gained 7).
Found a stone staircase leading down.
Found a robe.
h - an orange potion A hobgoblin comes into view.
It is wielding a club.
A hobgoblin is nearby!
A hobgoblin is nearby!
Found 2 pink potions and 12 gold pieces.
You block the hobgoblin's attack.
You closely miss the hobgoblin. You block the hobgoblin's attack.
You completely miss the hobgoblin. You block the hobgoblin's attack.
You hit the hobgoblin but do no damage. You block the hobgoblin's attack.
You hit the hobgoblin. You block the hobgoblin's attack.
You hit the hobgoblin. The hobgoblin barely misses you.
You hit the hobgoblin.
You kill the hobgoblin!
No target in view!
Things that are here:
a club; a hobgoblin corpse You butcher the hobgoblin corpse.
f - 5 chunks of flesh (gained 3)
You see here a club. x2
i - 2 pink potions You now have 34 gold pieces (gained 12).
Found a stone staircase leading down.
Found a stone staircase leading down.
Found a spear and a robe.
There is a stone staircase leading down here.
Found a robe.
You now have 46 gold pieces (gained 12).
Some of the chunks of flesh in your inventory have rotted away.
A goblin comes into view.
A goblin is nearby!
A goblin is nearby!
A goblin is nearby!
You block the goblin's attack.
You completely miss the goblin. You block the goblin's attack.
You hit the goblin.
You kill the goblin!
No target in view!
No target in view!
No target in view!
You butcher the goblin corpse.
f - 6 chunks of flesh (gained 2)
You see here a goblin skeleton. x2
Found a leather armour.
Key pressed, stopping explore.
You now have 56 gold pieces (gained 10).
Some of the chunks of flesh in your inventory have rotted away.
Done exploring.
Done exploring.
Done exploring.
Done exploring.
Search for what [? for help]?
Okay, then.
Unknown command.
There is an open door here.
There is an escape hatch in the floor here.
You open the door.
The vine stalker shouts!
There is an open door here.
There is a stone staircase leading down here.
You climb downwards.
There is a stone staircase leading up here.
Found a plate armour.
Found a stone staircase leading down.
A goblin comes into view. It is wielding a club.
The goblin shouts!
You see here a plate armour {18}.
Your shield prevents you from hitting the goblin.
The goblin hits you with a club.
You take 4 damage, and have 14/18 hp.
MASSIVE DAMAGE!!
You hit the goblin. The goblin hits you with a club.
You take 2 damage, and have 12/18 hp.
You hit the goblin.
You kill the goblin!
You have reached level 2!
Your demonic ancestry asserts itself...
You feel resistant to heat.
You regained 5 hp, and now have 17/24 hp.
MP restored: 2

## #####.# ># .....#
.# ####....# .#
.......# .#
#.###.....# .#
#.....<...# .#
##########...##?#
......)@........###
###########........#
########.# #


There were no monsters in sight!

Notes
Turn   | Place    | Note
-------+----------+-------------------------------------------
     0 | D:1      | theanonym the Demonspawn Fighter began the quest for the Orb.
     0 | D:1      | Reached XP level 1. HP: 18/18 MP: 1/1
     3 | D:1      | Noticed a merfolk zombie
     7 | D:1      | Noticed a felid
    10 | D:1      | Noticed a vampire
    13 | D:1      | Noticed a troll
    18 | D:1      | Noticed a vine stalker
   189 | D:1      | Reached skill level 2 in Unarmed Combat
   496 | D:2      | Gained mutation: Your flesh is heat resistant. (rF+) [demonic ancestry]
   496 | D:2      | Reached XP level 2. HP: 17/24 MP: 2/2
   497 | D:2      | Quit the game

Vanquished Creatures
  A bat (D:1)
  A giant cockroach (D:1)
  2 goblins
  2 hobgoblins (D:1)
  A frilled lizard (D:1)
7 creatures vanquished.

Table legend:
 A = Turns spent in this place as a percentage of turns spent in the entire game.
 B = Non-inter-level travel turns spent in this place as a percentage of non-inter-level travel turns spent in the entire game.
 C = Inter-level travel turns spent in this place as a percentage of turns spent in this place.
 D = Turns resting spent in this place as a percentage of non-inter-level travel turns spent in this place.
 E = Turns spent auto-exploring this place as a percentage of non-inter-level travel turns spent in this place.
 F = Non-inter-level travel turns spent in this place divided by the number of levels of this place that you've seen.
                   A       B       C       D       E      F
               +-------+-------+-------+-------+-------+----------------------
         Total | 100.0 | 100.0 |   8.9 |  21.6 |  65.6 | 226.5
       Dungeon | 100.0 | 100.0 |   8.9 |  21.6 |  65.6 | 226.5
               +-------+-------+-------+-------+-------+----------------------
